 Dungeon Crawl Stone Soup version 0.30.0-10-gfe55d96785 (webtiles) character file.

Game seed: 13569365213971495408

202237 Jackthecabe the Spry (level 18, -3/102 HPs)
             Began as a Vine Stalker Brigand on May 16, 2023.
             Was a High Priest of Wu Jian.
             Slain by a merfolk impaler
             ... wielding a +0 trident
              (11 damage)
             ... on level 4 of the Shoals.
             The game lasted 01:57:49 (32253 turns).

Jackthecabe the Spry (Vine Stalker Brigand)        Turns: 32253, Time: 01:57:50

Health: -3/102     AC:  9    Str: 14    XL:     18   Next: 57%
Magic:  0/19       EV: 36    Int: 11    God:    Wu Jian [*****.]
Gold:   1609       SH:  9    Dex: 35    Spells: 17/17 levels left

rFire   + . .        b - +9 rapier of Blood {venom, rC- Dex+5}
rCold   . . .        a - +1 buckler of the Fiend {+Inv Regen+ Slay+6}
rNeg    . . .        O - +1 leather armour {rF+}
rPois   .            p - +0 hat of Delightful Happiness {+Blink rElec}
rElec   +            C - +0 cloak
rCorr   .            n - +2 pair of gloves {infuse}
SInv    .            A - +2 pair of boots
Will    ++...        M - amulet of regeneration
Stlth   +++++++      D - +6 ring of dexterity
HPRegen 2.77/turn    c - ring of protection from cold
MPRegen 0.16/turn

%: guardian spirit
@: exhausted
A: fangs 3, regeneration 1, magic shield, antimagic bite, no potion heal 2,
deformed body
}: 1/15 runes: gossamer
a: Renounce Religion, Evoke Blink, Evoke Invisibility, Wall Jump, Serpent's
Lash, Heavenly Storm


You were on level 4 of the Shoals.
You worshipped Wu Jian.
Wu Jian was extremely pleased with you.
You visited 6 branches of the dungeon, and saw 31 of its levels.
You also visited: Ice Cave and Volcano.

You collected 2484 gold pieces.
You spent 875 gold pieces at shops.


Innate Abilities, Weirdness & Mutations

You have razor-sharp teeth.
Your natural rate of healing is unusually fast.
When hurt, damage is shared between your health and your magic reserves.
Your bite disrupts and absorbs the magic of your enemies.
Potions cannot restore your health.
Armour fits poorly on your strangely shaped body.


   Skills:
 - Level 14.0 Fighting
 - Level 12.0(12.6) Short Blades
 - Level 6.3(10.0) Long Blades
 - Level 4.0 Throwing
 - Level 19.0 Dodging
 - Level 16.0 Stealth
 - Level 5.0 Shields
 + Level 8.8 Evocations


You had 17 spell levels left.
You didn't know any spells.
Your spell library contained the following spells:

 Spells                   Type           Power      Damage    Failure   Level
 Beastly Appendage        Tmut           0%         N/A       52%         1
 Freeze                   Ice            0%         1d3       52%         1
 Kiss of Death            Conj/Necr      0%         2d5       52%         1
 Slow                     Hex            0%         N/A       52%         1
 Summon Small Mammal      Summ           0%         N/A       52%         1
 Blink                    Tloc           0%         N/A       65%         2
 Lesser Beckoning         Tloc           0%         N/A       65%         2
 Momentum Strike          Conj/Tloc      0%         3d8       65%         2
 Wereblood                Tmut           0%         N/A       65%         2
 Call Canine Familiar     Summ           0%         N/A       87%         3
 Confusing Touch          Hex            0%         N/A       87%         3
 Dazzling Flash           Conj/Hex       0%         N/A       87%         3
 Frozen Ramparts          Ice            0%         1d1       87%         3
 Hailstorm                Conj/Ice       0%         3d3       87%         3
 Ignite Poison            Fire/Tmut/Pois 0%         N/A       87%         3
 Spider Form              Tmut/Pois      0%         N/A       87%         3
 Summon Guardian Golem    Hex/Summ       0%         N/A       87%         3
 Vhi's Electric Charge    Tloc/Air       0%         N/A       87%         3
 Cause Fear               Hex            0%         N/A       99%         4
 Dispel Undead            Necr           0%         3d6       99%         4
 Leda's Liquefaction      Hex/Erth       0%         N/A       99%         4
 Sticky Flame             Conj/Fire      0%         2d3       99%         4
 Arcjolt                  Conj/Air       0%         1d10      100%        5
 Blade Hands              Tmut           0%         N/A       100%        5
 Irradiate                Conj/Tmut      0%         3d11      100%        5
 Lee's Rapid Deconstruct  Erth           0%         3d4*      100%        5
 Plasma Beam              Fire/Air       0%         2x1d11    100%        6
 Simulacrum               Ice/Necr       0%         N/A       100%        6
 Statue Form              Tmut/Erth      0%         N/A       100%        6
 Dragon Form              Tmut           0%         N/A       100%        7
 Ozocubu's Refrigeration  Ice            0%         4d7       100%        7
 Ignition                 Fire           0%         3d3       100%        8
 Chain Lightning          Conj/Air       0%         N/A       100%        9
 Polar Vortex             Ice            0%         N/A       100%        9
 Shatter                  Erth           0%         3d5*      100%        9

Inventory:

Hand Weapons
 b - the +9 rapier of Blood (weapon) {venom, rC- Dex+5}
   (You found it on level 2 of the Lair of Beasts)

   Dex:       It affects your dexterity (+5).
   rC:        It makes you vulnerable to cold.
Missiles
 e - 11 curare-tipped darts {=f}
 m - 4 atropa-tipped darts
 W - 5 throwing nets {=f}
Armour
 a - the +1 buckler of the Fiend (worn) {+Inv Regen+ Slay+6}
   (You acquired it on level 12 of the Dungeon)

   Slay:      It affects your accuracy & damage with ranged weapons and melee
   (+6).
   +Inv:      It lets you turn invisible.
   Regen:     It increases your rate of health regeneration.
 n - a +2 pair of gloves of infusion (worn)
 p - the +0 hat of Delightful Happiness (worn) {+Blink rElec}
   (You found it on level 4 of the Spider Nest)

   rElec:     It insulates you from electricity.
   +Blink:    It lets you blink.
 A - a +2 pair of boots (worn)
 C - a +0 cloak (worn)
 O - a +1 leather armour of fire resistance (worn)
Jewellery
 c - a ring of protection from cold (right hand)
 t - the ring of Peehuzem {rElec rF+++ rC- rCorr Int+6}
   (You acquired it on level 12 of the Dungeon)

   [ring of intelligence]

   Int:       It affects your intelligence (+6).
   rF:        It renders you almost immune to fire.
   rC:        It makes you vulnerable to cold.
   rElec:     It insulates you from electricity.
   rCorr:     It protects you from acid and corrosion.
 D - a +6 ring of dexterity (left hand)
 I - the ring "Iciruthri" {MP+9 Dex+2 SInv}
   (You found it on level 6 of the Dungeon)

   [ring of magical power]

   Dex:       It affects your dexterity (+2).
   MP:        It affects your magic capacity (+9).
   SInv:      It lets you see invisible.
 L - a ring of flight
 M - an amulet of regeneration (around neck)
 N - a ring of positive energy
 Z - a ring of wizardry
Wands
 G - a wand of polymorph (20)
 V - a wand of flame (5)
 X - a wand of light (13)
 Y - a wand of digging (13)
Scrolls
 f - 3 scrolls of summoning {unknown}
 i - 4 scrolls of brand weapon
 k - 2 scrolls of noise {unknown}
 o - 7 scrolls of poison
 q - 2 scrolls of fear
 u - 3 scrolls of vulnerability {unknown}
 v - 2 scrolls of enchant armour
 w - 11 scrolls of teleportation {@r2}
 x - 4 scrolls of magic mapping
 E - a scroll of enchant weapon
 H - 6 scrolls of fog
 K - 5 scrolls of silence {!r}
 S - 4 scrolls of blinking
Potions
 g - 8 potions of ambrosia
 h - 5 potions of flight
 j - 5 potions of lignification
 l - 14 potions of curing {@q1}
 r - 3 potions of berserk rage {!q}
 y - 7 potions of attraction
 z - 2 potions of might
 B - 3 potions of invisibility
 J - 5 potions of haste {@q3}
 Q - 2 potions of cancellation {unknown}
 R - 6 potions of magic
 T - 4 potions of resistance
 U - 3 potions of mutation {unknown}
Miscellaneous
 d - a box of beasts
 s - a phantom mirror
 F - a lightning rod (4/4)
 P - a tin of tremorstones (2/2)

Dungeon Overview and Level Annotations

Branches:
Dungeon (15/15)            Temple (1/1) D:4            Lair (5/5) D:9
 Shoals (4/4) Lair:3       Spider (4/4) Lair:2        Slime (0/5) Lair:5
    Orc (2/2) D:12            Elf (0/3) Orc:2        Vaults (0/5) D:13
 Depths (0/4) D:15          IceCv (visited)         Volcano (visited)

Altars:
Ashenzari
Cheibriados
Dithmenos
Elyvilon
Fedhas
Gozag
Hepliaklqana
Kikubaaqudgha
Makhleb
Nemelex Xobeh
Okawaru
Qazlal
Ru
Sif Muna
Trog
Uskayaw
Vehumet
Wu Jian
Xom
Yredelemnul
Zin
The Shining One
Jiyva

Shops:
D:14 *   Orc:1 =   Orc:2 !!!=[   Shoals:2 (

Annotations:
D:4 3 runed translucent doors, exclusions: 3 doors and 1 more exclusion, Dowan; ragingrage's ghost, amateur DjFi
D:5 1 runed translucent door, Crazy Yiuf
Lair:5 exclusion: obsidian statue

..~~~~≈≈≈~............
~~...~~~~≈~~~.....†.....
~......~~~~~~...........
........~~~~~...........
........~~~~..<.........
.......~~~~~............
~......~~~~#.#####......
.......~~~~### #......
........@~### ###..=.
.........~~~# #.....
.~~~~~..~m~## #...†(
~~~~~~~~~~~# ##....
.~~~~~~~~~†# m# #....
~~~~~~~~~~~## ~~≈. #...~
≈≈≈≈~~~~~~~~#~~# ###...#
~≈≈≈≈~~~~?m..# # #....†#
~~≈≈≈~~~~....#
.~.#.....#


You could see a merfolk impaler and a merfolk.


Message History

The silver sears you!
* * * LOW HITPOINT WARNING * * *
The merfolk impaler hits you from afar with a +2 trident of freezing.
* * * LOW HITPOINT WARNING * * *
The merfolk impaler freezes you.
* * * LOW HITPOINT WARNING * * *
Unknown command.
Unknown command.
Blink to where?
Press: ? - help, Dir - move target
Okay, then.
Press: ? - help, v - describe, . - travel
Here: a merfolk impaler, wielding a +2 trident of freezing and wearing a +0 robe (heavily wounded, extremely poisoned)
The floor, spattered with blood.
Press: ? - help, v - describe, . - travel
Here: a merfolk javelineer, wielding a +0 spear, wearing a +1 leather armour of positive energy and quivering silver javelins (moderately wounded, extremely poisoned) Some shallow water.
Unknown command.
As you read the scroll of fear, it crumbles to dust.
You assume a fearsome visage.
The merfolk looks frightened!
The merfolk javelineer looks frightened!
The merfolk impaler looks frightened!
Unknown command.
You enter the shallow water.
Moving in this stuff is going to be slow.
A merfolk impaler comes into view. It is wielding a +0 trident.
The merfolk impaler hits you from afar with a +0 trident!!
* * * LOW HITPOINT WARNING * * *
The merfolk impaler hits you from afar with a +0 trident!
You die...

Skill      XL: |  1  2  3  4  5  6  7  8  9 10 11 12 13 14 15 16 17 18 |
---------------+-------------------------------------------------------+-----
Short Blades   | 2 3 4 5 6 8 9 12 | 12.0
Fighting       | 2 4 8 9 10 12 14 | 14.0
Stealth        | 5 9 10 12 14 16 | 16.0
Throwing       | 4 |  4.0
Dodging        | 8 11 14 15 18 19 | 19.0
Evocations     | 3 4 5 6 8 |  8.8
Long Blades    | 3 6 |  6.3
Shields        | 5 |  5.0

Action                     |  1- 3 |  4- 6 |  7- 9 | 10-12 | 13-15 | 16-18 || total
---------------------------+-------+-------+-------+-------+-------+-------++-------
  Melee: Dagger            |    71 |   155 |   472 |       |    60 |       ||   758
         Bite              |    16 |    38 |   210 |   243 |   714 |   376 ||  1597
         Punch             |       |     3 |    10 |     7 |    28 |       ||    48
         Short sword       |       |       |    76 |   607 |   645 |       ||  1328
         Falchion          |       |       |       |       |   596 |       ||   596
         Rapier            |       |       |       |       |   274 |   965 ||  1239
         Great sword       |       |       |       |       |    10 |       ||    10
  Throw: Dart              |       |       |     5 |    22 |     7 |       ||    34
 Invoke: Serpent's Lash    |       |       |       |     4 |    11 |    21 ||    36
         Heavenly Storm    |       |       |       |       |     1 |     2 ||     3
Ability: Lunge             |       |       |    33 |    37 |    90 |   129 ||   289
         Whirlwind         |       |       |     4 |    12 |   118 |   181 ||   315
         Wall Jump         |       |       |       |     2 |    16 |    14 ||    32
  Evoke: Wand              |       |       |       |     4 |     5 |    26 ||    35
         Tin of tremorston |       |       |       |       |       |     1 ||     1
    Use: Scroll            |       |       |       |    10 |    10 |    10 ||    30
   Stab: Sleeping          |    10 |     2 |    15 |    15 |    37 |    78 ||   157
         Invisible         |       |       |       |    14 |     6 |     1 ||    21
         Distracted        |       |       |       |     3 |     9 |    10 ||    22
 Armour: Robe              |    14 |       |       |       |       |       ||    14
         Ring mail         |     8 |    61 |   152 |   144 |       |       ||   365
         Scale mail        |       |       |     3 |       |       |       ||     3
         Leather armour    |       |       |       |     6 |   230 |    44 ||   280
  Dodge: Dodged            |    31 |    47 |   175 |   189 |  1119 |   533 ||  2094
  Block: Buckler           |       |       |       |       |    51 |   213 ||   264

Levels and vault maps discovered:
D:1:      saegor_arrival_fortress, layout_basic
D:2:      layout_basic
D:3:      layout_loops_ring, mainiacjoe_overflow_concentric_impassable,
          serial_undead, serial_undead_b, serial_undead_d, serial_undead_a,
          serial_undead_e, minmay_misc_feat_encased, minmay_misc_feat_room
D:4:      layout_gridville, minmay_temple_entry_enclosed_plants,
          gammafunk_ghost_necromancy, uniq_duvessa
D:5:      layout_basic, grunt_temple_overflow_cloverleaf,
          nicolae_sif_muna_little_library, kennysheep_generic_room_3,
          uniq_crazy_yiuf_cottage, uniq_edmund, uniq_eustachio
D:6:      layout_loops_cross, marbit_many_paths, nicolae_tso_besieged_by_evil,
          kennysheep_small_spiral
D:7:      layout_loops_cross, nrook_pool_corridor
D:8:      minmay_diamond_stairs, layout_cave_pods, elyvilon_altar_5,
          eat_drink_and_be_merry_uskayaw, nicolae_hepliaklqana_hippocampus,
          minmay_fractal_squares_diagonal_5, uniq_maggie
D:9:      layout_roguey, minmay_lair_entry_grove
D:10:     layout_basic, bh_hangedman_babel_library
D:11:     layout_irregular_city, minmay_puff
D:12:     layout_basic, orc_0_dummy
D:13:     layout_roguey, david_vaults_2, nicolae_wu_jian_wuxing_cycle
D:14:     layout_gridville, serial_bayou_pond_c, portal_ice_cave_entry_dragon,
          nicolae_blasting_shop
D:15:     hangedman_depths_entry_civil_slaughter, layout_rooms,
          nicolae_ru_awakened_eye, serial_bayou_lagoon_a
Temple:   chequers_temple_sunken
Lair:1:   layout_cave_pods, nicolae_volcano_entry_vermiform, uniq_harold
Lair:2:   gammafunk_lair_enchanted_lake, layout_long_grid,
          nicolae_spider_entry_non_spiders, pond, uniq_prince_ribbit2
Lair:3:   layout_concentric_octagons, shoals_dummy_entry, grunt_megastairs_4,
          infiniplex_staircase_pool_2
Lair:4:   layout_hall_layers
Lair:5:   due_jungle_book, layout_gridlike, slime_entry_1, st_stairs_9,
          infiniplex_staircase_pool
Shoals:1: layout_shoals, serial_shops, nicolae_shop_mannequins, uniq_kirke,
          uniq_jorgrun
Shoals:2: layout_shoals, nicolae_shop_firing_range, uniq_polyphemus,
          uniq_frances, uniq_nikola
Shoals:3: nicolae_shoals_deep_elves_summer_vacation, layout_shoals,
          lemuel_centaur_altar, uniq_ilsuiw
Shoals:4: shoals_end_grunt_ice, layout_shoals
Spider:1: layout_spider_delve
Spider:2: layout_spider_delve, drop_trap
Spider:3: layout_spider_delve, uniq_bai_suzhen
Spider:4: spider_rune_water, uniq_donald
Orc:1:    layout_diamond_mine, serial_shops, nicolae_shop_gaudy_bauble,
          gammafunk_ghost_berserking_beasts, lightli_orcish_oven
Orc:2:    st_orc_rangers, layout_diamond_mine, serial_shops,
          nicolae_shop_tiny_statue_garden, mines1_david

Notes
Turn   | Place    | Note
-------+----------+-------------------------------------------
     0 | D:1      | Jackthecabe the Vine Stalker Brigand began the quest for
                  | the Orb.
     0 | D:1      | Reached XP level 1. HP: 11/11 MP: 2/2
    98 | D:1      | Reached skill level 2 in Short Blades
   216 | D:1      | Reached XP level 2. HP: 15/15 MP: 3/3
   486 | D:1      | Reached skill level 3 in Short Blades
   928 | D:2      | Reached XP level 3. HP: 18/18 MP: 4/4
  1610 | D:3      | Reached skill level 4 in Short Blades
  1610 | D:3      | Gained mutation: Your natural rate of healing is unusually
                  | fast. [Vine Stalker growth]
  1610 | D:3      | Reached XP level 4. HP: 23/23 MP: 5/5
  1760 | D:3      | Reached XP level 5. HP: 26/26 MP: 6/6
  1770 | D:3      | Reached skill level 5 in Short Blades
  1815 | D:3      | Found a shadowy altar of Dithmenos.
  2228 | D:3      | Reached XP level 6. HP: 8/30 MP: 0/7
  2399 | D:4      | Noticed an ice beast
  2655 | D:4      | Reached skill level 6 in Short Blades
  2869 | D:4      | Found a runed translucent gate.
  2869 | D:4      | Found a runed translucent gate.
  2909 | D:4      | Reached XP level 7. HP: 32/34 MP: 8/8
  3048 | D:4      | Reached skill level 7 in Short Blades
  3135 | D:4      | Found a staircase to the Ecumenical Temple.
  3166 | Temple   | Entered the Ecumenical Temple
  3330 | Temple   | Became a worshipper of the Wu Jian Council
  3444 | D:4      | Found a runed translucent gate.
  3444 | D:4      | Noticed ragingrage's ghost (amateur DjFi)
  3517 | D:4      | Noticed Dowan
  3592 | D:5      | Entered Level 5 of the Dungeon
  3611 | D:5      | Noticed Edmund
  3752 | D:5      | Found a broken altar of Ashenzari.
  3766 | D:5      | Found an ancient bone altar of Kikubaaqudgha.
  3784 | D:5      | Found a sacrificial altar of Ru.
  3787 | D:5      | Found an opulent altar of Gozag.
  3868 | D:5      | Noticed Eustachio
  3908 | D:5      | Killed Edmund
  3964 | D:5      | Killed Eustachio
  3965 | D:5      | Reached skill level 8 in Short Blades
  3965 | D:5      | Reached skill level 2 in Fighting
  3965 | D:5      | Reached skill level 5 in Stealth
  3965 | D:5      | Gained mutation: You have razor-sharp teeth. [Vine Stalker
                  | growth]
  3965 | D:5      | Reached XP level 8. HP: 39/39 MP: 7/9
  4030 | D:5      | Reached skill level 3 in Fighting
  4171 | D:5      | Found a shimmering blue altar of Sif Muna.
  4261 | D:5      | Reached * piety under Wu Jian
  4368 | D:5      | Reached skill level 6 in Stealth
  4402 | D:5      | Found a runed translucent door.
  4403 | D:5      | Noticed Crazy Yiuf
  4729 | D:6      | Reached skill level 4 in Fighting
  4732 | D:6      | Found a glowing golden altar of the Shining One.
  4876 | D:6      | Identified the ring "Iciruthri" {MP+9 Dex+2 SInv}
  4896 | D:6      | Reached skill level 7 in Stealth
  5293 | D:6      | Reached ** piety under Wu Jian
  5417 | D:6      | Reached skill level 8 in Stealth
  5514 | D:6      | Found a bloodstained altar of Trog.
  5518 | D:6      | Noticed a hornet
  5519 | D:6      | Killed a hornet
  5520 | D:6      | Reached skill level 9 in Stealth
  5520 | D:6      | Reached XP level 9. HP: 45/45 MP: 10/10
  5601 | D:7      | Reached skill level 10 in Stealth
  6028 | D:7      | Reached skill level 5 in Fighting
  6312 | D:7      | Reached skill level 6 in Fighting
  6532 | D:8      | Noticed a deep elf pyromancer
  6534 | D:8      | Noticed a troll
  6560 | D:8      | Noticed a two-headed ogre
  6850 | D:8      | Noticed Maggie
  6860 | D:8      | Found a white marble altar of Elyvilon.
  6909 | D:8      | Noticed a kobold demonologist
  6993 | D:9      | Reached *** piety under Wu Jian
  7051 | D:9      | Reached skill level 7 in Fighting
  7086 | D:9      | Reached skill level 8 in Fighting
  7091 | D:9      | Reached XP level 10. HP: 27/56 MP: 11/11
  7300 | D:9      | Noticed a two-headed ogre
  7310 | D:9      | Reached skill level 11 in Stealth
  7310 | D:9      | Killed a two-headed ogre
  7311 | D:9      | Reached skill level 12 in Stealth
  7370 | D:9      | Reached skill level 2 in Throwing
  7465 | D:9      | Reached skill level 3 in Throwing
  7487 | D:9      | Reached skill level 4 in Throwing
  7586 | D:9      | Found a staircase to the Lair.
  7654 | D:9      | Reached skill level 9 in Short Blades
  7708 | D:9      | Reached **** piety under Wu Jian
  7714 | D:9      | Reached XP level 11. HP: 60/60 MP: 12/12
  7816 | D:9      | Reached skill level 10 in Short Blades
  7860 | D:9      | Noticed a white ugly thing
  7886 | D:9      | Killed a white ugly thing
  8155 | D:10     | Entered Level 10 of the Dungeon
  8367 | D:10     | Reached skill level 11 in Short Blades
  8395 | D:10     | Noticed a four-headed hydra
  8477 | D:10     | Noticed a deep elf pyromancer
  8477 | D:10     | Noticed a deep elf pyromancer
  8488 | D:10     | Killed a deep elf pyromancer
  8489 | D:10     | Noticed a deep elf pyromancer
  8511 | D:10     | Killed a deep elf pyromancer
  8529 | D:10     | Got the Incunabulum of Plaster Cramp
  8556 | D:10     | Noticed a deep elf pyromancer
  8574 | D:10     | Killed a deep elf pyromancer
  8584 | D:10     | Got Ts'ui Pên's Precepts of Forking Paths
  8591 | D:10     | Got the Parchment of Combed Thunderclap
  8700 | D:10     | HP: 3/60 [four-headed hydra (7)]
  8963 | D:8      | Reached ***** piety under Wu Jian
  9072 | D:8      | Noticed a two-headed ogre
  9080 | D:8      | Killed a two-headed ogre
  9081 | D:8      | Reached skill level 12 in Short Blades
  9227 | D:8      | Killed a two-headed ogre
  9228 | D:8      | Reached skill level 9 in Fighting
  9348 | D:8      | Found a hide-covered altar of Uskayaw.
  9430 | D:8      | Found a hazy altar of Hepliaklqana.
  9651 | D:8      | Killed Maggie
  9758 | D:8      | Killed a deep elf pyromancer
  9853 | Lair:1   | Entered Level 1 of the Lair of Beasts
  9862 | Lair:1   | Reached XP level 12. HP: 67/67 MP: 13/13
  9913 | Lair:1   | Reached skill level 10 in Fighting
  9913 | Lair:1   | Reached skill level 1 in Dodging
  9924 | Lair:1   | Reached skill level 2 in Dodging
  9979 | Lair:1   | Noticed Harold
  9994 | Lair:1   | Killed Harold
  9995 | Lair:1   | Reached skill level 3 in Dodging
 10126 | Lair:1   | Found a dark tunnel.
 10170 | Volcano  | Entered a volcano
 10186 | Volcano  | Noticed an ogre mage
 10332 | Volcano  | Found a burning altar of Makhleb.
 10333 | Volcano  | Noticed a two-headed ogre
 10334 | Volcano  | Killed a two-headed ogre
 10335 | Volcano  | Reached skill level 4 in Dodging
 10335 | Volcano  | Noticed a red draconian
 10335 | Volcano  | Noticed a two-headed ogre
 10335 | Volcano  | Noticed a two-headed ogre
 10341 | Volcano  | Noticed a two-headed ogre
 10342 | Volcano  | Killed an ogre mage
 10343 | Volcano  | Noticed a two-headed ogre
 10347 | Volcano  | Killed a two-headed ogre
 10348 | Volcano  | Reached skill level 5 in Dodging
 10348 | Volcano  | Killed a two-headed ogre
 10356 | Volcano  | Killed a red draconian
 10376 | Volcano  | Killed a two-headed ogre
 10377 | Volcano  | Reached skill level 6 in Dodging
 10378 | Volcano  | HP: 5/67 [two-headed ogre/+2 great mace of flaming (13)]
 10379 | Volcano  | Killed a two-headed ogre
 10612 | Volcano  | Noticed a two-headed ogre
 10618 | Volcano  | Killed a two-headed ogre
 10866 | Lair:1   | Reached skill level 7 in Dodging
 11366 | Lair:2   | Noticed a five-headed hydra
 11375 | Lair:2   | Killed a five-headed hydra
 11376 | Lair:2   | Reached skill level 1 in Evocations
 11444 | Lair:2   | Noticed a skyshark
 11450 | Lair:2   | Killed a skyshark
 11451 | Lair:2   | Reached skill level 2 in Evocations
 11455 | Lair:2   | Noticed a six-headed hydra
 11457 | Lair:2   | Killed a six-headed hydra
 11491 | Lair:2   | Found a hole to the Spider Nest.
 11515 | Lair:2   | Reached skill level 8 in Dodging
 11515 | Lair:2   | Reached skill level 3 in Evocations
 11515 | Lair:2   | Reached XP level 13. HP: 68/72 MP: 14/14
 11875 | Lair:2   | Reached skill level 4 in Evocations
 12390 | Lair:2   | Identified the +3 ring mail of Nagut {Str+3}
 12545 | Lair:2   | Noticed a dire elephant
 12545 | Lair:2   | Noticed Prince Ribbit
 12545 | Lair:2   | Found the +9 sword of Power {lifebolt}
 12565 | Lair:2   | Found a runed translucent door.
 12924 | Lair:3   | Reached skill level 9 in Dodging
 13144 | Lair:3   | Found a staircase to the Shoals.
 13172 | Lair:3   | Reached skill level 10 in Dodging
 14199 | Lair:4   | Reached skill level 11 in Dodging
 14441 | Lair:4   | Reached ****** piety under Wu Jian
 14519 | Lair:4   | Identified the +7 falchion of the Secret Teeth {freeze, rF-
                  | rN+ Str+3}
 14560 | Lair:4   | Reached XP level 14. HP: 77/77 MP: 15/15
 14672 | Lair:4   | Reached skill level 12 in Dodging
 15076 | Lair:5   | Entered Level 5 of the Lair of Beasts
 15539 | Lair:5   | Found a staircase to the Slime Pits.
 15540 | Lair:5   | Found a viscous altar of Jiyva.
 15577 | Lair:5   | Reached skill level 13 in Dodging
 15670 | Lair:5   | HP: 3/77 [yak[a torpor snail] (5)]
 15685 | Lair:5   | HP: 1/77 [dream sheep (10)]
 16668 | Lair:5   | Noticed a dire elephant
 16673 | Lair:5   | Noticed a dire elephant
 16724 | Lair:5   | Reached skill level 14 in Dodging
 16817 | Lair:5   | Reached skill level 1 in Long Blades
 16831 | Lair:5   | Reached skill level 2 in Long Blades
 17071 | Lair:5   | Reached skill level 5 in Evocations
 17169 | Lair:4   | Reached skill level 3 in Long Blades
 17439 | Lair:5   | Killed a dire elephant
 17487 | Lair:5   | Reached XP level 15. HP: 60/80 MP: 16/16
 17501 | Lair:5   | Identified the +3 dagger of Pek Midd {heavy, *Corrode Will+
                  | Int+2}
 17595 | Lair:5   | HP: 3/75 [death yak (11)]
 17656 | Lair:5   | Reached skill level 4 in Long Blades
 17867 | Lair:5   | Reached skill level 6 in Evocations
 18030 | Lair:5   | Found a viscous altar of Jiyva.
 18030 | Lair:5   | Found a staircase to the Slime Pits.
 18628 | Lair:2   | Killed Prince Ribbit
 18629 | Lair:2   | Reached skill level 5 in Long Blades
 18877 | Lair:2   | Identified the +9 rapier of Blood {venom, rC- Dex+5}
 20381 | D:12     | Reached skill level 6 in Long Blades
 20392 | D:12     | Identified 3 scrolls of acquirement
 20393 | D:12     | Acquired the +1 buckler of the Fiend {+Inv Regen+ Slay+6}
 20402 | D:12     | Acquired the ring of Peehuzem {rElec rF+++ rC- rCorr Int+6}
 20403 | D:12     | Acquired a manual of Dodging
 20494 | D:12     | Found a staircase to the Orcish Mines.
 20832 | Orc:1    | Entered Level 1 of the Orcish Mines
 20887 | Orc:1    | Reached skill level 11 in Fighting
 20909 | Orc:1    | Found Hauci's Jewellery Shop.
 21486 | Orc:1    | You fall into a shaft and drop 1 floor!
 21486 | Orc:2    | Entered Level 2 of the Orcish Mines
 21535 | Orc:2    | Reached skill level 1 in Shields
 21546 | Orc:2    | Found a staircase to the Elven Halls.
 21617 | Orc:2    | Reached skill level 2 in Shields
 21632 | Orc:2    | Found Noklepp's Jewellery Shoppe.
 21632 | Orc:2    | Found Emaobe's Distillery.
 21634 | Orc:2    | Found Dugecetz's Distillery.
 21637 | Orc:2    | Found Berenk's Armour Emporium.
 21758 | Orc:2    | Found Guzaqeir's Distillery.
 22353 | Orc:2    | Bought a potion of berserk rage for 60 gold pieces
 22353 | Orc:2    | Bought a potion of might for 48 gold pieces
 22353 | Orc:2    | Bought a potion of flight for 36 gold pieces
 22353 | Orc:2    | Bought a potion of invisibility for 96 gold pieces
 22353 | Orc:2    | Bought a potion of resistance for 120 gold pieces
 22387 | Orc:2    | Bought a potion of magic for 120 gold pieces
 22387 | Orc:2    | Bought a potion of lignification for 45 gold pieces
 22390 | Orc:2    | Bought a ring of protection from cold for 350 gold pieces
 22482 | D:13     | Reached skill level 3 in Shields
 22599 | D:13     | Found an ornate altar of the Wu Jian Council.
 22862 | D:13     | Reached skill level 4 in Shields
 22920 | D:13     | Found a gate to the Vaults.
 22949 | D:13     | Reached skill level 12 in Fighting
 23082 | D:13     | Reached skill level 5 in Shields
 23082 | D:13     | Reached XP level 16. HP: 88/88 MP: 17/17
 23294 | D:14     | Found a frozen archway.
 23314 | IceCv    | Entered an ice cave
 23888 | IceCv    | Reached skill level 13 in Fighting
 25245 | IceCv    | Identified a +0 crystal plate armour of cold resistance
 25262 | IceCv    | Noticed an Ice Fiend
 25543 | IceCv    | Killed an Ice Fiend
 25549 | IceCv    | Reached skill level 14 in Fighting
 25840 | D:14     | Found Byllyib's Demolitions Depot.
 26305 | D:15     | Entered Level 15 of the Dungeon
 26361 | D:15     | Found a sacrificial altar of Ru.
 26410 | D:15     | Found a staircase to the Depths.
 26529 | D:15     | Reached skill level 13 in Stealth
 26657 | D:15     | Reached skill level 15 in Dodging
 27288 | Spider:1 | Entered Level 1 of the Spider Nest
 27465 | Spider:1 | Reached skill level 14 in Stealth
 27544 | Spider:1 | Reached XP level 17. HP: 97/97 MP: 18/18
 28080 | Spider:2 | Reached skill level 16 in Dodging
 28423 | Spider:2 | Reached skill level 15 in Stealth
 29289 | Spider:3 | Noticed Bai Suzhen
 29292 | Spider:3 | Killed Bai Suzhen
 29292 | Spider:3 | Reached skill level 17 in Dodging
 29292 | Spider:3 | Reached skill level 16 in Stealth
 29350 | Spider:3 | Identified the +2 robe of Articulation {*Slow rElec rF+++
                  | rCorr}
 29569 | Spider:4 | Entered Level 4 of the Spider Nest
 29616 | Spider:4 | Gained mutation: Armour fits poorly on your strangely
                  | shaped body. [mutagenic glow]
 29713 | Spider:4 | Noticed Donald
 29722 | Spider:4 | Killed Donald
 29942 | Spider:4 | Reached skill level 18 in Dodging
 30049 | Spider:4 | Identified the +8 hand axe of Articulation {heavy, rPois
                  | Dex+3}
 30657 | Spider:4 | Reached XP level 18. HP: 102/102 MP: 19/19
 30824 | Spider:4 | Got a gossamer rune of Zot
 30836 | Spider:4 | Identified the +0 hat of Delightful Happiness {+Blink
                  | rElec}
 31023 | Shoals:1 | Entered Level 1 of the Shoals
 31057 | Shoals:2 | Noticed Frances
 31060 | Shoals:2 | Killed Frances
 31068 | Shoals:2 | Noticed Polyphemus
 31074 | Shoals:2 | Killed Polyphemus
 31076 | Shoals:2 | Reached skill level 19 in Dodging
 31274 | Shoals:2 | Found Siec's Firing Range.
 31304 | Shoals:2 | Reached skill level 7 in Evocations
 31757 | Shoals:3 | Noticed Ilsuiw
 31774 | Shoals:3 | Killed Ilsuiw
 32037 | Shoals:4 | Entered Level 4 of the Shoals
 32050 | Shoals:4 | Reached skill level 8 in Evocations
 32253 | Shoals:4 | HP: 8/102 [merfolk impaler/+0 trident (19)]
 32253 | Shoals:4 | Slain by a merfolk impaler

Vanquished Creatures
  Bai Suzhen (Spider:3)
  An Ice Fiend (IceCv)
  Polyphemus (Shoals:2)
  Frances (Shoals:2)
  Donald (Spider:4)
  Ilsuiw (Shoals:3)
  3 emperor scorpions
  2 ghost moths (Spider:4)
  A broodmother (Spider:4)
  6 spark wasps
  3 dire elephants
  A red draconian (Volcano)
  A merfolk javelineer (Shoals:3)
  An ettin (D:15)
  3 merfolk impalers
  2 entropy weavers
  Harold (Lair:1)
  A caustic shrike simulacrum (IceCv)
  An ice dragon (D:14)
  6 radroaches
  A merfolk aquamancer (Shoals:4)
  An alligator snapping turtle (Shoals:4)
  2 ogre magi
  A catoblepas (Shoals:2)
  4 boulder beetles
  4 centaur warriors
  2 merfolk avatars
  6 hydras
  16 two-headed ogres
  11 death yaks
  10 skeletal warriors (D:13)
  3 skysharks
  2 sun moths
  4 sea snakes
  5 pharaoh ants
  A deep troll (D:15)
  A spectral anaconda (Lair:5)
  10 orb spiders
  A bog body (IceCv)
  A wizard (D:15)
  A steelbarb worm (shapeshifter) (D:13)
  10 spriggan simulacra (IceCv)
  3 orc knights
  2 lindwurms
  6 steelbarb worms
  21 wolf spiders
  4 necromancers (Lair:5)
  An obsidian statue (IceCv)
  9 harpies
  9 ugly things
  2 orc sorcerers
  8 deep elf pyromancers
  5 manticores
  An elephant (shapeshifter) (D:13)
  29 elephants
  6 cyclopes
  A faun (Shoals:2)
  5 moths of wrath
  2 demonic crawlers (Spider:2)
  2 water nymphs
  3 merfolk sirens (Shoals:3)
  2 dire elephant zombies (Lair:5)
  A black mamba (shapeshifter) (D:13)
  12 cane toads
  5 torpor snails
  4 black mambas
  A dire elephant skeleton (Lair:5)
  3 gargoyles
  9 komodo dragons
  Maggie (D:8)
  An unseen horror (D:11)
  6 yaktaurs (D:15)
  3 rime drakes
  3 freezing wraiths (IceCv)
  A komodo dragon (shapeshifter) (D:14)
  An efreet (D:14)
  A kobold demonologist (D:8)
  A golden dragon simulacrum (IceCv)
  2 tengu conjurers (D:15)
  7 ice devils (IceCv)
  3 meliai (Spider:3)
  7 trolls
  2 polar bears
  17 tarantellas
  7 merfolk
  A raiju (shapeshifter) (D:15)
  6 hornets
  3 wind drakes
  A spectral elephant (Lair:5)
  30 blink frogs
  2 snapping turtles
  25 dream sheep
  Prince Ribbit (Lair:2)
  A vampire (D:11)
  15 jumping spiders
  A culicivora (shapeshifter) (D:15)
  21 culicivoras
  3 slime creatures (D:15)
  7 wyverns
  3 shadows
  Eustachio (D:5)
  A wraith (D:11)
  6 basilisks
  44 yaks
  7 vampire mosquitoes
  53 redbacks
  A warg (Orc:2)
  5 minotaur simulacra (IceCv)
  2 steam dragons
  5 harpy simulacra (IceCv)
  An acid dragon (D:13)
  Edmund (D:5)
  3 hydra simulacra (IceCv)
  10 water moccasins
  28 orc warriors
  3 ice beasts
  2 sky beasts
  An ettin simulacrum (IceCv)
  9 ogres
  An alligator simulacrum (IceCv)
  10 wolves
  21 centaurs
  3 phantoms
  2 kobold brigands
  4 bullfrogs
  5 scorpions
  A water moccasin zombie (D:3)
  A gnoll sergeant (D:9)
  9 deep troll simulacra (IceCv)
  4 wights (D:7)
  7 killer bees (D:9)
  2 elephant simulacra (Lair:5)
  5 howler monkeys
  3 electric eels
  9 orc priests
  2 hounds
  2 jellies
  2 gnoll boudas
  A centaur skeleton (D:3)
  A sleepcap (D:5)
  3 iguanas
  20 orc wizards
  A hound skeleton (D:3)
  16 gnolls
  7 adders
  A river rat (Lair:2)
  5 white imps
  3 worms (Lair:2)
  5 dart slugs
  71 orcs
  6 endoplasms
  6 giant cockroaches
  3 goblins
  2 hobgoblins (D:1)
  6 jackals
  A quokka (D:3)
  3 training dummies (Shoals:2)
  3 ball pythons
  A ball python skeleton (D:3)
  4 bats
  4 frilled lizards
  2 goblin zombies (D:6)
  3 hobgoblin zombies (D:6)
  A jackal zombie (D:3)
  18 kobolds
  A kobold zombie (D:6)
  An orc skeleton (D:6)
  2 orc zombies (D:6)
  A rat (D:3)
952 creatures vanquished.

Vanquished Creatures (others)
  A yak (Lair:4)
  An orc wizard (D:9)
  An orc (D:8)
3 creatures vanquished.

Grand Total: 955 creatures vanquished

Table legend: (Time is in decaauts)
 A = Elapsed time spent in this place.
 B = Non-inter-level travel time spent in this place.
 C = Inter-level travel time spent in this place.
 D = Time resting spent in this place.
 E = Time spent auto-exploring this place.
 F = Levels seen in this place.
 G = Mean time per level.
                   A        B        C        D        E       F      G
               +--------+--------+--------+--------+--------+-----+--------+
         Total |  31539 |  29070 |   2469 |   5289 |  15596 |  33 |  955.7 |
       Dungeon |  13553 |  12271 |   1282 |    923 |   8137 |  15 |  903.5 |
        Temple |    237 |    198 |     39 |      0 |    189 |   1 |  237.0 |
          Lair |   8533 |   7737 |    796 |   1564 |   3850 |   5 | 1706.6 |
        Shoals |   1239 |   1238 |      1 |    554 |     44 |   4 |  309.8 |
   Spider Nest |   3645 |   3425 |    220 |    596 |   1806 |   4 |  911.2 |
  Orcish Mines |   1345 |   1217 |    128 |      6 |    884 |   2 |  672.5 |
      Ice Cave |   2470 |   2470 |      0 |   1443 |    550 |   1 | 2470.0 |
       Volcano |    514 |    514 |      0 |    202 |    135 |   1 |  514.0 |
               +--------+--------+--------+--------+--------+-----+--------+

Top non-repeatable levels by time:
   IceCv: 2470 daAuts
  Lair:2: 2178 daAuts
  Lair:5: 2136 daAuts
  Lair:4: 2098 daAuts
Spider:4: 1342 daAuts
     D:8: 1190 daAuts
    D:12: 1186 daAuts
     D:9: 1169 daAuts
  Lair:3: 1109 daAuts
     D:5: 1040 daAuts
  Lair:1: 1010 daAuts
     D:3: 996 daAuts
     D:7: 977 daAuts
   Orc:2: 918 daAuts
    D:11: 889 daAuts

Table legend:
 A = Non-vault XP
 B = Vault XP
 C = Vault XP percentage of total XP
 D = Non-vault monster count
 E = Vault monster count
 F = Vault count percentage of total count
                 A         B        C        D         E       F
            +---------+---------+-------+---------+---------+-------
      Total |  179643 |  105950 |  37.1 |     665 |     288 |  30.2
            +---------+---------+-------+---------+---------+-------
        D:1 |      30 |       0 |   0.0 |      17 |       0 |   0.0
        D:2 |      33 |       0 |   0.0 |       7 |       0 |   0.0
        D:3 |     172 |     141 |  45.0 |      18 |       5 |  21.7
        D:4 |     543 |       0 |   0.0 |      26 |       0 |   0.0
        D:5 |     356 |     359 |  50.2 |      16 |       3 |  15.8
        D:6 |     511 |     301 |  37.1 |      21 |      11 |  34.4
        D:7 |    1264 |       0 |   0.0 |      30 |       0 |   0.0
        D:8 |     445 |    4429 |  90.9 |      12 |      15 |  55.6
        D:9 |    4656 |    2368 |  33.7 |      43 |      13 |  23.2
       D:10 |     987 |    1635 |  62.4 |      13 |       3 |  18.8
       D:11 |    5030 |    1268 |  20.1 |      11 |       3 |  21.4
       D:12 |    2829 |     565 |  16.6 |       8 |       1 |  11.1
       D:13 |   16165 |    1592 |   9.0 |      30 |       3 |   9.1
       D:14 |    6635 |     849 |  11.3 |      13 |       1 |   7.1
       D:15 |   11995 |    3520 |  22.7 |      34 |       6 |  15.0
     Lair:1 |    2998 |    1487 |  33.2 |      10 |       2 |  16.7
     Lair:2 |    5400 |    6265 |  53.7 |      11 |      24 |  68.6
     Lair:3 |    5625 |    3551 |  38.7 |      23 |      10 |  30.3
     Lair:4 |   21927 |     628 |   2.8 |      66 |       2 |   2.9
     Lair:5 |   11015 |   12952 |  54.0 |      38 |      24 |  38.7
   Shoals:1 |    1565 |       0 |   0.0 |       3 |       0 |   0.0
   Shoals:2 |    8545 |    6128 |  41.8 |      17 |       9 |  34.6
   Shoals:3 |    1912 |    4391 |  69.7 |       4 |       6 |  60.0
   Shoals:4 |    5122 |    3058 |  37.4 |       8 |       5 |  38.5
   Spider:1 |   12718 |       0 |   0.0 |      35 |       0 |   0.0
   Spider:2 |   13919 |       0 |   0.0 |      40 |       0 |   0.0
   Spider:3 |   22254 |    3132 |  12.3 |      52 |       1 |   1.9
   Spider:4 |   11482 |   18625 |  61.9 |      25 |      38 |  60.3
      Orc:1 |    1821 |      15 |   0.8 |      18 |       5 |  21.7
      Orc:2 |    1689 |    5205 |  75.5 |      16 |      41 |  71.9
      IceCv |       0 |   17399 | 100.0 |       0 |      49 | 100.0
    Volcano |       0 |    6087 | 100.0 |       0 |       8 | 100.0
            +---------+---------+-------+---------+---------+-------
